 Dungeon Crawl Stone Soup version 0.28-a0-1199-gef9e1dbd39 (webtiles) character file.

Game seed: 4349719988752621647

940 Peloso the Slasher (level 7, -8/61 HPs)
             Began as a Minotaur Fighter on Dec 19, 2021.
             Was an Initiate of Okawaru.
             Mangled by Edmund (11 damage)
             ... on level 5 of the Dungeon.
             The game lasted 00:06:51 (3758 turns).

Peloso the Slasher (Minotaur Fighter)               Turns: 3758, Time: 00:06:52

Health: -8/61      AC: 13    Str: 21    XL:     7   Next: 88%
Magic:  6/6        EV:  7    Int:  5    God:    Okawaru [......]
Gold:   117        SH:  5    Dex: 11    Spells: 6/6 levels left

rFire   . . .      SeeInvis .   a - +0 long sword
rCold   . . .      Faith    .   c - +0 buckler
rNeg    . . .      Spirit   .   q - +0 plate armour
rPois   .          Reflect  .   (helmet restricted)
rElec   .          Harm     .   (no cloak)
rCorr   .          Rampage  .   (no gloves)
Will    .....                   (no boots)
Stlth   ..........              (no amulet)
HPRegen 0.20/turn               (no ring)
MPRegen 0.10/turn               (no ring)

@: no status effects
A: horns 2, retaliatory headbutt
a: Renounce Religion


You were on level 5 of the Dungeon.
You worshipped Okawaru.
Okawaru was noncommittal.
You visited 2 branches of the dungeon, and saw 6 of its levels.

You collected 129 gold pieces.
You spent 12 gold pieces at shops.

Inventory:

Hand Weapons
 a - a +0 long sword (weapon)
Armour
 b - a +0 scale mail
 c - a +0 buckler (worn)
 g - a +0 chain mail
 q - a +0 plate armour (worn)
Wands
 m - a wand of iceblast (4)
Scrolls
 e - 2 scrolls of identify
 j - a scroll of blinking
 l - a scroll of enchant weapon {unknown}
Potions
 d - a potion of might
 f - 6 potions of curing
 h - 2 potions of heal wounds {unknown}
 i - 2 potions of flight {unknown}
 k - a potion of brilliance {unknown}
 n - a potion of mutation {unknown}
 o - a potion of invisibility {unknown}
 p - a potion of cancellation {unknown}
 r - a potion of ambrosia {unknown}


   Skills:
 + Level 5.0 Fighting
 + Level 7.1 Long Blades
 + Level 7.0 Armour
 + Level 1.1 Dodging
 + Level 0.1 Stealth
 + Level 5.4 Shields
 + Level 1.0 Evocations


You had 6 spell levels left.
You didn't know any spells.
Your spell library contained the following spells:

 Spells                   Type           Power      Damage    Failure   Level
 Ozocubu's Armour         Ice            0%         N/A       100%        3
 Metabolic Englaciation   Hex/Ice        0%         N/A       100%        5
 Simulacrum               Ice/Necr       Unusable   N/A       N/A         6

Dungeon Overview and Level Annotations

Branches:
Dungeon (5/15)             Temple (1/1) D:5

Altars:
Elyvilon
Fedhas
Okawaru
Trog
The Shining One

Shops:
D:4 !=:=

Annotations:
D:5 Edmund, Prince Ribbit


Innate Abilities, Weirdness & Mutations

You have a pair of horns on your head.
You reflexively headbutt those who attack you in melee.


Message History

You headbutt Edmund.
Edmund is lightly wounded.
Edmund hits you with a +4 flail of protection!
You closely miss Edmund.
Edmund is lightly wounded.
Edmund hits you with a +4 flail of protection!
You hit Edmund. Your headbutt misses Edmund.
Edmund is moderately wounded.
Edmund hits you with a +4 flail of protection.
You barely miss Edmund. Your headbutt misses Edmund.
Edmund is moderately wounded.
Edmund hits you but does no damage.
You barely miss Edmund. You headbutt Edmund.
Edmund is moderately wounded.
Edmund hits you with a +4 flail of protection.
Prince Ribbit hits you but does no damage.
You barely miss Edmund.
Edmund is moderately wounded.
Prince Ribbit hits you. Edmund hits you but does no damage.
Prince Ribbit hits you.
You slash Edmund! You headbutt Edmund.
Edmund is severely wounded.
You block Edmund's attack.
Prince Ribbit blinks!
You closely miss Edmund.
Edmund is severely wounded.
Edmund hits you with a +4 flail of protection.
You hit Edmund. Your headbutt misses Edmund.
Edmund is almost dead.
Edmund hits you but does no damage.
You hit Edmund but do no damage.
Edmund is almost dead.
Edmund hits you with a +4 flail of protection!
* * * LOW HITPOINT WARNING * * *
Edmund hits you but does no damage.
You closely miss Edmund.
Edmund is almost dead.
Prince Ribbit hits you!
* * * LOW HITPOINT WARNING * * *
Edmund hits you with a +4 flail of protection!
You die...

.:$ ### ..## #.# #.......#
###### #.# #.#...#.#
#.....###'### ###.#.....#
##.....#.....# #.........#
.......#.###.###.#.#.....#
#.....'.#>'.'.#.#........
#.....#F###.#............
#######.@@..#...#..#.#...
###'####..#..#.#... #..#
#...........
##.###.##..#.##..
#.....##.......#
###.####........ #.#
#.......# #.# #.....<.#
#.# #.......#


You could see Edmund and Prince Ribbit.

Vanquished Creatures
  Sigmund (D:4)
  Menkaure (D:4)
  A sky beast (D:5)
  An ogre (D:5)
  A scorpion (D:5)
  A hound (D:5)
  3 orc priests
  A bullfrog skeleton (D:4)
  2 iguanas
  Ijyb (D:3)
  2 orc wizards (D:3)
  A howler monkey zombie (D:5)
  A howler monkey skeleton (D:5)
  7 adders
  An ufetubus (D:5)
  An adder skeleton (D:4)
  3 dart slugs
  11 orcs
  6 ball pythons
  10 endoplasms
  3 giant cockroaches
  6 goblins
  2 hobgoblins (D:3)
  5 jackals
  6 kobolds
  3 quokkas
  5 bats
  A frilled lizard (D:1)
  9 rats
96 creatures vanquished.

Vanquished Creatures (others)
  An orc (D:4)
  7 plants (D:2)
8 creatures vanquished.

Grand Total: 104 creatures vanquished

Notes
Turn   | Place    | Note
-------+----------+-------------------------------------------
     0 | D:1      | Peloso the Minotaur Fighter began the quest for the Orb.
     0 | D:1      | Reached XP level 1. HP: 19/19 MP: 0/0
   170 | D:1      | Reached XP level 2. HP: 21/27 MP: 1/1
   937 | D:2      | Reached XP level 3. HP: 33/33 MP: 2/2
  1009 | D:2      | Found a faded altar of an unknown god.
  1315 | D:2      | Reached XP level 4. HP: 40/40 MP: 3/3
  1763 | D:3      | Noticed Ijyb
  1787 | D:3      | Paralysed by Ijyb for 3 turns
  1792 | D:3      | Killed Ijyb
  1844 | D:3      | Reached XP level 5. HP: 41/46 MP: 4/4
  2147 | D:3      | Reached skill level 5 in Long Blades
  2608 | D:4      | Reached XP level 6. HP: 52/52 MP: 5/5
  2609 | D:4      | Found Inyl's Jewellery Shop.
  2716 | D:4      | Noticed Sigmund
  2720 | D:4      | Killed Sigmund
  2721 | D:4      | Reached skill level 5 in Armour
  2721 | D:4      | Reached skill level 1 in Dodging
  2770 | D:4      | Found Qilakiky's Jewellery Emporium.
  2919 | D:4      | Found Zamapsuu's Distillery.
  2985 | D:4      | Bought a potion of degeneration for 12 gold pieces
  3161 | D:4      | Found Rice's Book Shop.
  3224 | D:4      | Noticed Menkaure
  3226 | D:4      | Killed Menkaure
  3227 | D:4      | Reached skill level 5 in Shields
  3227 | D:4      | Reached XP level 7. HP: 54/60 MP: 6/6
  3270 | D:5      | Entered Level 5 of the Dungeon
  3493 | D:5      | Reached skill level 5 in Fighting
  3590 | D:5      | Reached skill level 1 in Evocations
  3638 | D:5      | Found a staircase to the Ecumenical Temple.
  3660 | D:5      | Noticed Edmund
  3662 | Temple   | Entered the Ecumenical Temple
  3713 | Temple   | Became a worshipper of Warmaster Okawaru
  3747 | D:5      | Noticed Prince Ribbit
  3758 | D:5      | HP: 3/61 [Prince Ribbit (10)]
  3758 | D:5      | Mangled by Edmund

Illustrated notes

Levels and vault maps discovered:
D:1:      evilmike_arrival_crescent, layout_loops_ring
D:2:      cheibrodos_old_hovel, layout_basic,
          dreamdust_ecumenical_altar_angels_and_demons, serial_bayou_lagoon_b
D:3:      layout_basic, uniq_ijyb
D:4:      layout_rooms, serial_shops, nicolae_shop_waterfront, shop,
          nicolae_shop_behind_doors, shop, uniq_sigmund, uniq_menkaure
D:5:      layout_loops_cross, minmay_temple_entry_glassed_door, uniq_edmund,
          uniq_prince_ribbit1
Temple:   mainiacjoe_temple_archimedes_tessellation

Skill      XL: |  1  2  3  4  5  6  7 |
---------------+----------------------+-----
Shields        | 4 5 |  5.4
Long Blades    | 3 4 5 6 7 |  7.1
Armour         | 4 5 7 |  7.0
Fighting       | 4 5 |  5.0
Dodging        | 1 |  1.1
Evocations     | 1 |  1.0
Stealth        | |  0.1

Action                   |  1- 3 |  4- 6 |  7- 9 || total
-------------------------+-------+-------+-------++-------
Melee: Long sword        |    67 |   122 |    48 ||   237
       Headbutt          |     6 |    25 |     9 ||    40
Evoke: Wand              |       |     6 |     3 ||     9
  Use: Scroll            |     2 |       |       ||     2
Armor: Scale mail        |    12 |       |       ||    12
       Chain mail        |    36 |    57 |    10 ||   103
       Plate armour      |       |       |    19 ||    19
Dodge: Dodged            |    31 |    43 |    10 ||    84
Block: Buckler           |    10 |    23 |    10 ||    43

Table legend: (Time is in decaauts)
 A = Elapsed time spent in this place.
 B = Non-inter-level travel time spent in this place.
 C = Inter-level travel time spent in this place.
 D = Time resting spent in this place.
 E = Time spent auto-exploring this place.
 F = Levels seen in this place.
 G = Mean time per level.
                   A        B        C        D        E       F      G
               +--------+--------+--------+--------+--------+-----+--------+
         Total |   3813 |   3687 |    126 |      0 |   2891 |   6 |  635.5 |
       Dungeon |   3734 |   3630 |    104 |      0 |   2860 |   5 |  746.8 |
        Temple |     78 |     56 |     22 |      0 |     31 |   1 |   78.0 |
               +--------+--------+--------+--------+--------+-----+--------+

Top non-repeatable levels by time:
     D:4: 1031 daAuts
     D:1: 815 daAuts
     D:2: 768 daAuts
     D:3: 708 daAuts
     D:5: 411 daAuts
  Temple: 78 daAuts
